 Dungeon Crawl Stone Soup version 0.30-a0-782-ge64f9170bb (webtiles) character file.

Game seed: 3562468162938504444

45 112233 the Grave Robber (level 3, -3/28 HPs)
             Began as a Deep Elf Necromancer on Feb 27, 2023.
             Slain by Robin
             ... wielding a +3 spear
              (6 damage)
             ... on level 2 of the Dungeon.
             The game lasted 00:01:36 (1601 turns).

112233 the Grave Robber (Deep Elf Necromancer)      Turns: 1601, Time: 00:01:37

Health: -3/28      AC:  3    Str:  5    XL:     3   Next: 42%
Magic:  9/10       EV: 13    Int: 21    God:
Gold:   67         SH:  0    Dex: 15    Spells: 5/9 levels left

rFire   . . .      SeeInvis .    f - +0 sling
rCold   . . .      Faith    .    (no shield)
rNeg    . . .      Spirit   .    a - +0 robe
rPois   .          Reflect  .    (no helmet)
rElec   .          Harm     .    (no cloak)
rCorr   .          Rampage  .    g - +0 pair of gloves
Will    .....                    (no boots) Stlth
                                 (no amulet)
HPRegen 0.24/turn                d - +4 ring of slaying
MPRegen 0.12/turn                (no ring)

@: mighty, berserking, very quick
A: mutation resistance 1
a: no special abilities


You were on level 2 of the Dungeon.
You visited 1 branch of the dungeon, and saw 2 of its levels.

You collected 67 gold pieces.

Inventory:

Hand Weapons
 f - a +0 sling (weapon)
Armour
 a - a +0 robe (worn)
 g - a +0 pair of gloves (worn)
 o - a +0 hat
 p - the +0 ring mail of Green Leaves {rC+ Regen+ Dex+3}
   (You found it on level 2 of the Dungeon)

   Dex:       It affects your dexterity (+3).
   rC:        It protects you from cold.
   Regen:     It increases your rate of health regeneration.
Jewellery
 d - a +4 ring of slaying (left hand)
 m - a ring of willpower
Scrolls
 e - 3 scrolls of vulnerability {unknown}
 h - a scroll of teleportation {unknown}
 i - 6 scrolls of identify {unknown}
 k - a scroll of enchant weapon {unknown}
Potions
 b - a potion of magic
 n - a potion of heal wounds {unknown}


   Skills:
 + Level 3.1 Dodging
 + Level 3.2 Stealth
 + Level 3.8 Spellcasting
 + Level 5.2 Necromancy


You had 5 spell levels left.
You knew the following spells:

 Your Spells              Type           Power      Damage    Failure   Level
a - Necrotise             Necr           100%       1d9       1%          1
b - Vampiric Draining     Necr           25%        2d7       4%          3

Your spell library contained the following spells:

 Spells                   Type           Power      Damage    Failure   Level
 Shock                    Conj/Air       16%        1d4       12%         1
 Animate Dead             Necr           25%        N/A       14%         4
 Swiftness                Air            4%         N/A       36%         3
 Agony                    Necr           25%        N/A       36%         5
 Airstrike                Air            2%         2d(1-17)  77%         4
 Haunt                    Necr/Summ      7%         N/A       100%        7
 Infestation              Necr           12%        N/A       100%        8


Dungeon Overview and Level Annotations

Branches:
Dungeon (2/15)

Altars:

Annotations:
D:2 Robin


Innate Abilities, Weirdness & Mutations

You are somewhat resistant to further mutation.


Message History

You can't see any susceptible monsters within range! (Use Z to cast anyway.)
A goblin is nearby!
Casting: Necrotise (safe; 1% risk of failure)
Confirm with . or Enter, or press ? or * to list all spells.
You can't see any susceptible monsters within range! (Use Z to cast anyway.)
A goblin is nearby!
Casting: Necrotise (safe; 1% risk of failure)
Confirm with . or Enter, or press ? or * to list all spells.
You can't see any susceptible monsters within range! (Use Z to cast anyway.)
A goblin is nearby!
Really fire in your hobgoblin skeleton's direction? [Y]es or [N]o only, please.
Really fire in your hobgoblin skeleton's direction?
Okay, then.
The goblin hits your hobgoblin skeleton with a +0 dagger.
Your hobgoblin skeleton hits the goblin.
The goblin dies!
Robin of the Strong Arm comes into view.
They are wielding a +3 spear and carrying a wand of light (3).
Robin roars a battlecry!
Robin zaps a wand.
The bolt of light hits your hobgoblin skeleton.
Your hobgoblin skeleton is destroyed!
The bolt of light hits you!!
Ouch! That really hurt!
* * * LOW HITPOINT WARNING * * *
You hear a shout! x2
It was a potion of mutation.
You feel extremely strange.
You feel genetically stable.
It was a potion of might.
You feel very mighty all of a sudden.
It was a potion of berserk rage.
A red film seems to cover your vision as you go berserk!
You feel yourself moving faster!
You feel mighty!
You are too berserk!
Unknown command.
A hobgoblin and a goblin come into view.
You feel a strong urge to attack something.
The hobgoblin shouts!
Robin hits you with a +3 spear.
You die...

#.....# #..# #.....# #..####
#)....# #######.....# #.....#
#......#.##.# ....#
#.####.#.##.### ....#
#........#[...# ....#
#g######.######.# .<..#
#g.).g.#.# #.##### .........
#@#.# #.....# ###...... #.#.#
#...#.# ......
#.#.######.#...# .....
#....#.....#...# #########
######.#####.### ...#
###.#...#.. ##.# #####
#...#.###.#
.#.######...#######.#.)...#.#
.#.##.<.....'.......#.#.....#


You could see Robin, a hobgoblin (strong) and a goblin (strong).

Vanquished Creatures
  5 ball pythons
  2 endoplasms
  7 hobgoblins
  5 jackals
  3 quokkas
  2 frilled lizards (D:1)
  5 goblins
  2 kobolds (D:1)
  A rat (D:1)
32 creatures vanquished.

Vanquished Creatures (collateral kills)
  An endoplasm (D:2)
  2 goblins
  A hobgoblin (D:1)
  A kobold (D:1)
  A rat (D:2)
6 creatures vanquished.

Grand Total: 38 creatures vanquished

Notes
Turn   | Place    | Note
-------+----------+-------------------------------------------
     0 | D:1      | 112233 the Deep Elf Necromancer began the quest for the
                  | Orb.
     0 | D:1      | Reached XP level 1. HP: 10/10 MP: 6/6
   323 | D:1      | Reached skill level 5 in Necromancy
   323 | D:1      | Reached XP level 2. HP: 15/15 MP: 8/8
   998 | D:2      | Reached XP level 3. HP: 19/19 MP: 10/10
  1030 | D:2      | Learned a level 3 spell: Vampiric Draining
  1401 | D:2      | Identified the +0 ring mail of Green Leaves {rC+ Regen+
                  | Dex+3}
  1594 | D:2      | Noticed Robin
  1598 | D:2      | Gained mutation: You are somewhat resistant to further
                  | mutation. [potion of mutation]
  1601 | D:2      | Slain by Robin

Illustrated notes

Levels and vault maps discovered:
D:1:      spicycebolla_arrival_ecumenical, layout_loops_cross,
          chequers_serial_rivers_large_a, minmay_octomino_c4
D:2:      layout_basic, basic_altar, uniq_robin, uniq_jessica

Skill      XL: |  1  2 |
---------------+-------+-----
Necromancy     | 5 |  5.2
Stealth        | 3 |  3.2
Dodging        | 3 |  3.1
Spellcasting   | |  3.8

Action                     || total
---------------------------++-------
   Fire: Sling             ||    19
   Cast: Necrotise         ||    42
    Use: Potion            ||     3
 Armour: Robe              ||     2
  Dodge: Dodged            ||     8

Table legend: (Time is in decaauts)
 A = Elapsed time spent in this place.
 B = Non-inter-level travel time spent in this place.
 C = Inter-level travel time spent in this place.
 D = Time resting spent in this place.
 E = Time spent auto-exploring this place.
 F = Levels seen in this place.
 G = Mean time per level.
                   A        B        C        D        E       F      G
               +--------+--------+--------+--------+--------+-----+--------+
         Total |   1615 |   1484 |    131 |      0 |   1287 |   2 |  807.5 |
       Dungeon |   1615 |   1484 |    131 |      0 |   1287 |   2 |  807.5 |
               +--------+--------+--------+--------+--------+-----+--------+

Top non-repeatable levels by time:
     D:1: 1006 daAuts
     D:2: 608 daAuts
